 Dungeon Crawl Stone Soup version 0.23.2-30-g0e89c35649 (webtiles) character file.

Game seed: 2816352381267212461

279 doot the Conjurer (level 6, -9/34 HPs)
             Began as a Tengu Conjurer on June 24, 2019.
             Killed by divine providence
             ... invoked by an orc priest
              (11 damage)
             ... on level 4 of the Dungeon.
             The game lasted 00:07:09 (3507 turns).

doot the Conjurer (Tengu Conjurer)                  Turns: 3507, Time: 00:07:09

Health: -9/34      AC:  3    Str:  8    XL:     6   Next: 26%
Magic:  1/12       EV: 16    Int: 17    God:
Gold:   200        SH:  0    Dex: 15    Spells: 4/11 levels left

rFire    . . .     SeeInvis .   m - +0 glaive
rCold    . . .     Gourm    .   (shield currently unavailable)
rNeg     . . .     Faith    .   a - +1 robe
rPois    .         Spirit   .   (helmet restricted)
rElec    .         Reflect  .   (no cloak)
rCorr    .         Harm     .   (no gloves)
MR       .....                  (boots unavailable)
Stlth    ++........             (no amulet)
HPRegen  0.11/turn              (no ring)
MPRegen  0.13/turn              (no ring)

@: flying quickly and evasively, quick
A: beak, talons 3, able to fly
a: Stop Flying


You were on level 4 of the Dungeon.
You were not hungry.

You visited 1 branch of the dungeon, and saw 4 of its levels.

You collected 200 gold pieces.

Inventory:

Hand Weapons
 b - a +0 whip
 m - a +0 glaive (weapon)
Missiles
 n - 2 poisoned tomahawks (quivered)
Armour
 a - a +1 robe (worn)
Wands
 k - a wand of acid (9)
Scrolls
 e - a scroll of teleportation
 h - a scroll of blinking
Potions
 d - a potion of flight {unknown}
 f - 2 potions of curing {unknown}
 g - a potion of lignification {unknown}
 i - a potion of ambrosia {unknown}
 j - a potion of invisibility {unknown}
Comestibles
 c - 6 rations
 o - 3 chunks of flesh


   Skills:
 + Level 1.4 Fighting
 + Level 0.6 Maces & Flails
 + Level 3.5 Dodging
 + Level 2.8 Stealth
 + Level 3.3 Spellcasting
 + Level 7.1 Conjurations


You had 4 spell levels left.
You knew the following spells:

 Your Spells              Type           Power        Failure   Level  Hunger
a - Magic Dart            Conj           ####         1%          1    None
b - Searing Ray           Conj           ####..       1%          2    ##.....
c - Iskenderun's Mystic   Conj           ####....     9%          4    ####...

Your spell library contained the following spells:

 Spells                   Type           Power        Failure   Level  Hunger
 Dazzling Spray           Conj/Hex       ###...       12%         3    ###....
 Summon Small Mammal      Summ           #...         17%         1    None
 Call Imp                 Summ           #.......     26%         2    ##.....
 Force Lance              Conj/Tloc      ###.....     36%         4    ####...
 Fulminant Prism          Conj/Hex       ###.......   36%         4    ####...
 Call Canine Familiar     Summ           #.......     45%         3    ###....
 Summon Guardian Golem    Hex/Summ       #.......     45%         3    ###....
 Summon Ice Beast         Ice/Summ       #.......     86%         4    ####...
 Summon Lightning Spire   Summ/Air       #.......     86%         4    ####...


Dungeon Overview and Level Annotations

Branches:
Dungeon (4/15)
 Temple: D:4-7

Altars:
Xom


Innate Abilities, Weirdness & Mutations

You have a beak for a mouth.
You have claws for feet.
You can fly continuously.


Message History

The orc wizard casts a spell at you. The magic dart hits you.
The searing ray hits the orc wizard.
The orc wizard is moderately wounded.
The orc wizard hits you with a +0 dagger.
The searing ray hits the orc wizard.
The orc wizard is severely wounded.
The orc wizard closely misses you.
The searing ray hits the orc wizard!
You kill the orc wizard!
You finish channeling your searing ray.
The orc priest miscasts a cantrip.
An orc priest comes into view.
The orc priest shouts!
The orc priest mumbles some strange prayers to Beogh against you.
Beogh smites you!
* * * LOW HITPOINT WARNING * * *
The orc priest calls down the wrath of Beogh upon you.
Beogh smites you!
You die...

.. ........ . .......## ≈.
............. ≈_# .....
...##.# _.. #. ......
..##.#######.###.. ......
#.##.............
.....##.##@##.o)).#...
#..........o###...# ##
#####....÷......##..### ###.
......#..#............#
....#######..............#.#
..#.........#..............#
...........)...........o...)oo
#..........#.........#####...
#...................... o.


You could see an orc priest.

Vanquished Creatures
  An orc priest (D:4)
  3 orc wizards
  2 worker ants (D:4)
  5 adders
  An ooze (D:3)
  A worm (D:2)
  2 dart slugs
  3 leopard geckos
  7 orcs
  A ball python (D:3)
  A giant cockroach (D:1)
  6 goblins
  3 hobgoblins
  7 jackals (D:2)
  A quokka (D:2)
  6 bats
  4 frilled lizards
  5 kobolds
  7 rats
66 creatures vanquished.

Notes
Turn   | Place    | Note
-------+----------+-------------------------------------------
     0 | D:1      | doot the Tengu Conjurer began the quest for the Orb.
     0 | D:1      | Reached XP level 1. HP: 10/10 MP: 4/4
   359 | D:1      | Reached XP level 2. HP: 15/15 MP: 1/6
   439 | D:1      | Learned a level 2 spell: Searing Ray
   650 | D:1      | Reached skill level 6 in Conjurations
  1099 | D:2      | Reached XP level 3. HP: 19/19 MP: 4/7
  1807 | D:3      | Reached XP level 4. HP: 23/24 MP: 1/8
  2533 | D:3      | Learned a level 4 spell: Iskenderun's Mystic Blast
  2536 | D:3      | Gained mutation: You can fly continuously. [Tengu growth]
  2536 | D:3      | Reached XP level 5. HP: 28/28 MP: 0/10
  3387 | D:4      | Reached skill level 1 in Fighting
  3387 | D:4      | Reached XP level 6. HP: 34/34 MP: 0/11
  3480 | D:4      | Found a shimmering altar of Xom.
  3487 | D:4      | Found a shimmering altar of Xom.
  3496 | D:4      | Reached skill level 7 in Conjurations
  3507 | D:4      | Killed from afar by an orc priest

Skill      XL: |  1  2  3  4  5  6 |
---------------+-------------------+-----
Conjurations   | 6 7 |  7.1
Dodging        | 3 |  3.5
Spellcasting   | 3 |  3.3
Fighting       | 1 |  1.4
Maces & Flails | |  0.6
Stealth        | |  2.8

Action                   |  1- 3 |  4- 6 || total
-------------------------+-------+-------++-------
Melee: Whip              |    33 |       ||    33
       Kick              |     3 |     3 ||     6
       Peck              |     5 |     2 ||     7
       Glaive            |       |    13 ||    13
Throw: Tomahawk          |       |     1 ||     1
 Cast: Magic Dart        |    63 |    17 ||    80
       Searing Ray       |     1 |    13 ||    14
       Iskenderun's Myst |       |     4 ||     4
 Abil: Fly               |       |     1 ||     1
  Use: Scroll            |       |     6 ||     6
 Stab: Sleeping          |     2 |       ||     2
  Eat: Chunk             |     4 |     7 ||    11
Armor: Robe              |     8 |     5 ||    13
Dodge: Dodged            |    49 |    30 ||    79
